 Dungeon Crawl Stone Soup version 0.29-a0-221-gceb61267dd (webtiles) character file.

Game seed: 10688649808680579923

32 GabrielManson the Insei (level 3, 0/26 HPs)
             Began as a Demonspawn Transmuter on Feb 26, 2022.
             Slain by an adder (2 damage)
             ... on level 2 of the Dungeon.
             The game lasted 00:04:32 (1323 turns).

GabrielManson the Insei (Demonspawn Transmuter)     Turns: 1323, Time: 00:04:32

Health: 0/26       AC:  2    Str: 12    XL:     3   Next: 8%
Magic:  0/6        EV: 12    Int: 14    God:
Gold:   98         SH:  0    Dex: 13    Spells: 5/6 levels left

rFire   . . .      SeeInvis .     - Unarmed
rCold   . . .      Faith    .   (no shield)
rNeg    + . .      Spirit   +   a - +0 robe
rPois   .          Reflect  .   (helmet currently unavailable)
rElec   .          Harm     .   (no cloak)
rCorr   .          Rampage  .   (no gloves)
Will    .....                   (boots currently unavailable)
Stlth   ++........              (no amulet)
HPRegen 0.08/turn               h - ring of positive energy
MPRegen 0.20/turn               (no ring)

@: lethally poisoned (0 -> -9), appendages, attractive
A: horns 2, talons 2, magic shield, magic regeneration
a: End Transformation


You were on level 2 of the Dungeon.
You had temporarily grown beastly horns and talons.
You visited 1 branch of the dungeon, and saw 2 of its levels.

You collected 98 gold pieces.

Inventory:

Armour
 a - a +0 robe (worn)
Jewellery
 h - a ring of positive energy (left hand)
Scrolls
 b - a scroll of noise {unknown}
 e - 3 scrolls of amnesia {unknown}
 g - a scroll of teleportation {unknown}
 i - a scroll of identify {unknown}
Potions
 c - a potion of haste {unknown}
 d - a potion of berserk rage {unknown}


   Skills:
 + Level 1.5 Fighting
 + Level 2.1 Dodging
 + Level 1.0 Stealth
 - Level 2.6 Unarmed Combat
 + Level 2.3 Spellcasting
 + Level 2.1 Transmutations


You had 5 spell levels left.
You knew the following spells:

 Your Spells              Type           Power      Damage    Failure   Level
a - Beastly Appendage     Tmut           14%        N/A       10%         1

Your spell library contained the following spells:

 Spells                   Type           Power      Damage    Failure   Level
 Wereblood                Tmut           7%         N/A       14%         2
 Spider Form              Tmut/Pois      4%         N/A       41%         3
 Ice Form                 Ice/Tmut       4%         N/A       83%         4


Dungeon Overview and Level Annotations

Branches:
Dungeon (2/15)

Altars:

Annotations:
D:2 Robin


Innate Abilities, Weirdness & Mutations

You have temporarily grown beastly horns and talons.
When hurt, damage is shared between your health and your magic reserves.
You regenerate magic rapidly.


Message History

Found a scroll labelled XUICREEVUL.
The ball python hisses angrily.
An adder comes into view.
You see here a wand of polymorph (8).
You barely miss the ball python.
The ball python bites you but does no damage.
The ball python completely misses you.
Casting: Beastly Appendage (safe; 10% risk of failure)
Confirm with . or Enter, or press ? or * to list all spells.
You grow a pair of large bovine horns.
Your feet morph into talons.
The adder hisses angrily.
The ball python bites you. The ball python grabs you.
The ball python constricts you.
You hit the ball python. You claw the ball python.
Your headbutt misses the ball python.
The ball python is severely wounded.
The ball python bites you. The ball python constricts you.
You hit the ball python.
You kill the ball python!
The adder bites you.
You are poisoned.
The adder poisons you! The adder barely misses you.
You closely miss the adder. Your headbutt misses the adder.
You feel sick. The adder barely misses you.
You closely miss the adder. You claw the adder. Your headbutt misses the adder.
The adder is moderately wounded.
You feel sick. The adder bites you.
You are more poisoned.
The adder poisons you!
You hit the adder.
The adder is heavily wounded.
You feel sick. The adder bites you.
* * * LOW HITPOINT WARNING * * *
You are lethally poisoned!
The adder poisons you!
It was a potion of attraction.
You feel attractive to monsters.
* * * LOW HITPOINT WARNING * * *
You feel sick. The adder completely misses you. The adder bites you.
You die...

#. .......... #..
....?.....# ....
#..#.......
#...##..#......#
.............#
.........<.. #..
#.S†...... #...
#.@..#..#
#...##....#..#.#...#
...................
.....#....##.#.#...
..........# .. ...
.....#..†.####.##.######
.......................#
....###...####.##.##.#.#
...........###.##<##.#.#


You could see an adder.

Vanquished Creatures
  An adder (D:2)
  An endoplasm (D:1)
  3 goblins
  5 hobgoblins
  4 ball pythons
  3 bats (D:2)
  A frilled lizard (D:1)
  A kobold (D:2)
  A rat (D:1)
20 creatures vanquished.

Notes
Turn   | Place    | Note
-------+----------+-------------------------------------------
     0 | D:1      | GabrielManson the Demonspawn Transmuter began the quest for
                  | the Orb.
     0 | D:1      | Reached XP level 1. HP: 15/15 MP: 3/3
     4 | D:1      | You fall into a shaft and drop 1 floor!
    64 | D:2      | Noticed Robin
   283 | D:1      | Gained mutation: You regenerate magic rapidly. [demonic
                  | ancestry]
   283 | D:1      | Reached XP level 2. HP: 21/21 MP: 3/5
  1240 | D:2      | Reached skill level 1 in Stealth
  1240 | D:2      | Gained mutation: When hurt, damage is shared between your
                  | health and your magic reserves. [demonic ancestry]
  1240 | D:2      | Reached XP level 3. HP: 11/26 MP: 6/6
  1323 | D:2      | Slain by an adder

Illustrated notes

Levels and vault maps discovered:
D:1:      dpeg_arrival_rooms_a, layout_rooms
D:2:      layout_basic, uniq_robin

Skill      XL: |  1  2 |
---------------+-------+-----
Dodging        | 2 |  2.1
Transmutations | 2 |  2.1
Stealth        | 1 |  1.0
Fighting       | |  1.5
Unarmed Combat | |  2.6
Spellcasting   | |  2.3

Action                   || total
-------------------------++-------
Melee: Unarmed           ||    66
       Kick              ||     9
       Headbutt          ||     2
       Punch             ||     1
 Cast: Beastly Appendage ||     8
  Use: Potion            ||     1
 Stab: Sleeping          ||     1
Armor: Robe              ||    19
Dodge: Dodged            ||    40

Table legend: (Time is in decaauts)
 A = Elapsed time spent in this place.
 B = Non-inter-level travel time spent in this place.
 C = Inter-level travel time spent in this place.
 D = Time resting spent in this place.
 E = Time spent auto-exploring this place.
 F = Levels seen in this place.
 G = Mean time per level.
                   A        B        C        D        E       F      G
               +--------+--------+--------+--------+--------+-----+--------+
         Total |   1320 |   1320 |      0 |    391 |    603 |   2 |  660.0 |
       Dungeon |   1320 |   1320 |      0 |    391 |    603 |   2 |  660.0 |
               +--------+--------+--------+--------+--------+-----+--------+

Top non-repeatable levels by time:
     D:1: 800 daAuts
     D:2: 520 daAuts
